 Dungeon Crawl Stone Soup version 0.17-a0-1295-gefc790a (webtiles) character file.

2776 MonkeyBuisness the Skirmisher (level 9, -5/59 HPs)
             Began as a Gargoyle Fighter on June 7, 2015.
             Was a Believer of Okawaru.
             Shot with a bolt by an orc warrior (15 damage)
             ... in a bailey.
             The game lasted 00:20:12 (6731 turns).

MonkeyBuisness the Skirmisher (Gargoyle Fighter)    Turns: 6731, Time: 00:20:12

Health: -5/59      AC: 15    Str: 22    XL:     9   Next: 70%
Magic:  9/9        EV: 12    Int: 10    God:    Okawaru [**....]
Gold:   324        SH:  0    Dex:  9    Spells: 0 memorised, 8 levels left

rFire  . . .     SeeInvis .     a - +0 war axe
rCold  . . .     Clarity  .     b - +0 scale mail
rNeg   + . .     SustAt   .     (no shield)
rPois  ∞         Gourm    .     A - +0 helmet
rElec  +         Spirit   .     (no cloak)
rCorr  .         Warding  .     (no gloves)
rMut   .         Stasis   .     (no boots)
MR     .....                    (no amulet)
Stlth  ..........               (no ring)
                                c - +3 ring of slaying

@: not resistant to hostile enchantments, extremely unstealthy
A: negative energy resistance 1, electricity resistance, unbreathing,
petrification resistance, rot immunity, AC +5
a: Heroism, Renounce Religion


You were in a bailey.
You worshipped Okawaru.
Okawaru was pleased with you.
You were very full.

You visited 2 branches of the dungeon, and saw 8 of its levels.
You also visited: Bailey.

You collected 324 gold pieces.

Inventory:

Hand weapons
 a - a +0 war axe (weapon)
 y - a +0 whip of electrocution
   (You took it off Pikel on level 6 of the Dungeon)
Armour
 b - a +0 scale mail (worn)
 A - a +0 helmet (worn)
   (You found it on level 6 of the Dungeon)
Jewellery
 c - a +3 ring of slaying (left hand)
   (You found it on level 4 of the Dungeon)
Magical devices
 q - a wand of lightning (4)
   (You found it on level 7 of the Dungeon)
 u - a wand of draining (11)
   (You found it on level 5 of the Dungeon)
 w - a wand of digging (7)
   (You took it off Grinder on level 6 of the Dungeon)
Scrolls
 d - a scroll of random uselessness {unknown}
 g - a scroll of blinking {unknown}
 i - a scroll of enchant armour {unknown}
 j - 2 scrolls of teleportation {unknown}
 m - 2 scrolls of enchant weapon {unknown}
 n - 3 scrolls of amnesia {unknown}
 o - 2 scrolls of remove curse {unknown}
 r - a scroll of recharging {unknown}
Potions
 f - 4 potions of curing
 h - a potion of lignification {unknown}
 k - 3 potions of heal wounds
 p - a potion of mutation {unknown}
 x - a potion of invisibility {unknown}
 z - 2 potions of poison {unknown}
Books
 e - a book of Geomancy
   (You found it on level 6 of the Dungeon)
 l - a Fen Folio
   (You found it on level 2 of the Dungeon)
Comestibles
 t - 2 meat rations {@e2}
 v - a bread ration {@e1}


   Skills:
 + Level 7.9 Fighting
 + Level 6.0 Axes
 + Level 7.8 Armour
 + Level 5.4 Dodging
   Level 3.2 Shields


You had 8 spell levels left.
You didn't know any spells.

Dungeon Overview and Level Annotations

Branches:
Dungeon (7/15)             Temple (1/1) D:4

Altars:
Ashenzari
Cheibriados
Dithmenos
Elyvilon
Fedhas
Gozag
Kikubaaqudgha
Makhleb
Nemelex Xobeh
Okawaru
Qazlal
Ru
Sif Muna
Trog
Vehumet
Xom
Yredelemnul
Zin
The Shining One

Shops:
D:5 *

Annotations:
D:6 Blork the orc


Innate Abilities, Weirdness & Mutations

You are resistant to torment.
Your stone body is resilient (AC +5).
You are immune to poison.
You resist negative energy.
You are resistant to electric shocks.
You can survive without breathing.
You are immune to petrification.
You are immune to rotting.


Message History

You completely miss the scorpion. The scorpion misses you.
You barely miss the scorpion. The scorpion stings you.
You take 4 damage, and have 52/59 hp.
You hit the scorpion.
The scorpion stings you but does no damage.
You hit the scorpion.
You kill the scorpion!
Okawaru accepts your kill.
Health restored: 59 You hear the faint creaking of a very distant portcullis.
You hear the creaking of a distant portcullis.
You hear the creaking of a distant portcullis.
A killer bee zombie comes into view.
The killer bee zombie hits you but does no damage.
The killer bee zombie closely misses you.
You slice the killer bee zombie!! The killer bee zombie hits you.
The killer bee zombie hits you but does no damage.
You take 2 damage, and have 57/59 hp.
You hit the killer bee zombie.
The killer bee zombie hits you but does no damage.
The killer bee zombie hits you.
You take 3 damage, and have 54/59 hp.
You slash the killer bee zombie!
The killer bee zombie hits you but does no damage.
The killer bee zombie closely misses you.
You completely miss the killer bee zombie.
The killer bee zombie hits you but does no damage.
The killer bee zombie barely misses you.
You hit the killer bee zombie.
You destroy the killer bee zombie!
Okawaru accepts your kill.
q - a wand of lightning Health restored: 59 2 goblins come into view.
The goblin shouts!
You hear a shout!
You hear a shout!
A goblin comes into view. It is wielding a spear.
A goblin comes into view. It is wielding a spear.
The goblin shouts!
Found a flagged portal.
You completely miss the goblin. The goblin closely misses you.
The goblin hits you but does no damage. x2
You barely miss the goblin. You closely miss the goblin.
The goblin closely misses you.
The goblin splashes around in the water.
The goblin hits you but does no damage.
You slash the goblin!
You kill the goblin!
You hear a splash.
You hit the goblin. The goblin misses you.
The goblin hits you but does no damage.
You closely miss the goblin. You slash the goblin!
You kill the goblin!
Okawaru accepts your kill.
You hear a splash.
The goblin barely misses you. x2
You barely miss the goblin. The goblin barely misses you.
The goblin barely misses you.
You enter the shallow water.
Moving in this stuff is going to be slow.
The goblin hits you but does no damage. x2
The goblin completely misses you.
Things that are here:
a spear; a goblin corpse The goblin hits you but does no damage.
The goblin barely misses you.
The goblin splashes around in the water.
The goblin hits you but does no damage.
There is a flagged portal here.
You hear the steady creaking of a portcullis.
The world spins around you as you enter the gateway.
You enter a bailey!
The orc warrior shouts!
The orc shouts!
The orc warrior shouts!
Found two gates leading back out of this place.
There is an empty arch of ancient stone here. 2 orc knights come into view.
The orc warrior shouts! x2
The orc shouts!
The orc knight shouts!
The orc warrior shouts!
The orc knight roars a battlecry!
The orc warriors go into a battle-frenzy!
The orc warrior shoots a bolt.
The bolt hits you but does no damage.
You see here a bolt.
The orc warrior shoots a bolt.
The bolt hits you but does no damage.
The orc warrior shoots a bolt.
The bolt barely misses you.
You see here a bolt.
The orc warrior shoots a bolt.
The bolt hits you.
The orc warrior shoots a bolt.
The bolt hits you!!
You see here 2 bolts.
You take 25 damage, and have 34/59 hp.
MASSIVE DAMAGE!!
The orc knight hits you from afar with a halberd!
The orc warrior shoots a bolt.
The bolt closely misses you.
You take 15 damage, and have 19/59 hp.
MASSIVE DAMAGE!!
The orc warrior shoots a bolt.
The bolt barely misses you.
The orc knight hits you from afar with a halberd!
* * * LOW HITPOINT WARNING * * *
The orc warrior shoots a bolt.
The bolt misses you.
You see here a bolt.
You take 10 damage, and have 9/59 hp.
The orc warrior shoots a bolt.
The bolt hits you!
You die...

### ###### ##∩##
####
##.....##...##....
#..≈≈≈.(#@.(#..≈≈≈
#.≈≈o≈≈..(((..≈≈o≈
+.≈ooo≈.......≈ooo
#.≈≈o≈≈.......≈≈o≈
#..≈≈≈..#...#..≈≈≈
##.....##.∩.##....
###### ##∩## ####
###


You could see 2 orc knights, 6 orc warriors and an orc.

Vanquished Creatures
  Pikel (D:6)
  Grinder (D:6)
  Menkaure (D:4)
  Edmund (D:4)
  An orc warrior (D:6)
  A sky beast (D:6)
  An ogre (D:4)
  3 phantoms (D:5)
  A centaur (D:6)
  3 giant frogs (D:6)
  3 scorpions
  2 hounds
  4 crimson imps
  4 jellies
  An orc priest (D:6)
  3 iguanas
  A giant frog zombie (D:5)
  A centaur skeleton (D:5)
  3 orc wizards
  A killer bee zombie (D:7)
  4 worker ants
  A hound skeleton (D:6)
  7 adders
  A shadow imp (D:5)
  2 adder zombies (D:6)
  An ooze (D:5)
  An adder skeleton (D:4)
  2 worms
  3 giant geckos
  18 orcs
  A bat zombie (D:6)
  4 giant cockroaches
  13 goblins
  11 hobgoblins
  11 jackals
  10 kobolds
  A quokka (D:6)
  A ball python (D:3)
  A ball python zombie (D:5)
  9 bats
  5 giant newts
  A jackal skeleton (D:6)
  9 rats
154 creatures vanquished.

Vanquished Creatures (others)
  2 slaves (D:6)
  An iguana (D:6)
  4 gnolls (D:6)
  A hobgoblin (D:6)
  A quokka (D:6)
9 creatures vanquished.

Grand Total: 163 creatures vanquished

Notes
Turn   | Place    | Note
--------------------------------------------------------------
     0 | D:1      | MonkeyBuisness the Gargoyle Fighter began the quest for the Orb.
     0 | D:1      | Reached XP level 1. HP: 14/14 MP: 1/1
   166 | D:1      | Reached XP level 2. HP: 14/19 MP: 2/2
   592 | D:2      | Reached skill level 1 in Dodging
   665 | D:2      | Reached skill level 2 in Axes
   665 | D:2      | Reached XP level 3. HP: 19/24 MP: 3/3
   954 | D:2      | Reached XP level 4. HP: 29/29 MP: 4/4
  1180 | D:3      | Reached skill level 4 in Fighting
  1425 | D:3      | Found a blossoming altar of Fedhas.
  1558 | D:3      | Found a sparkling altar of Nemelex Xobeh.
  1815 | D:4      | Found a staircase to the Ecumenical Temple.
  1815 | D:4      | Noticed Menkaure
  1822 | D:4      | HP: 7/29 [Menkaure (4)]
  1824 | D:4      | Killed Menkaure
  1824 | D:4      | Reached skill level 4 in Armour
  1824 | D:4      | Reached skill level 2 in Dodging
  1824 | D:4      | Reached XP level 5. HP: 6/34 MP: 5/5
  2051 | Temple   | Entered the Ecumenical Temple
  2243 | D:4      | Noticed an ogre
  2252 | D:4      | HP: 6/34 [ogre/giant club (15)]
  2254 | D:4      | Killed an ogre
  2254 | D:4      | Reached skill level 3 in Axes
  2254 | D:4      | Reached XP level 6. HP: 6/39 MP: 6/6
  2489 | D:4      | Noticed Edmund
  2513 | D:4      | Killed Edmund
  2513 | D:4      | Reached skill level 5 in Fighting
  2644 | D:4      | Found an iron altar of Okawaru.
  2681 | D:4      | Found a sacrificial altar of Ru.
  2687 | D:4      | Reached XP level 7. HP: 44/44 MP: 7/7
  2717 | D:4      | Became a worshipper of Warmaster Okawaru
  2731 | D:4      | Reached skill level 5 in Armour
  2735 | D:4      | Found a shimmering altar of Xom.
  2739 | D:4      | Found a burning altar of Makhleb.
  2742 | D:4      | Found an ancient bone altar of Kikubaaqudgha.
  3040 | D:5      | Entered Level 5 of the Dungeon
  3205 | D:5      | Reached skill level 3 in Dodging
  3277 | D:5      | HP: 11/44 [giant frog zombie (1)]
  3664 | D:5      | Acquired Okawaru's first power
  3664 | D:5      | Reached skill level 4 in Axes
  3899 | D:5      | Found a shimmering altar of Xom.
  3899 | D:5      | Found a shimmering altar of Xom.
  3900 | D:5      | Found a shimmering altar of Xom.
  3901 | D:5      | Found a shimmering altar of Xom.
  3902 | D:5      | Found a shimmering altar of Xom.
  3941 | D:5      | Reached XP level 8. HP: 30/51 MP: 6/8
  3963 | D:5      | Reached skill level 6 in Fighting
  4000 | D:5      | Reached skill level 6 in Armour
  4313 | D:5      | Found Tuetweuv's General Store.
  4497 | D:6      | Noticed Grinder
  4516 | D:6      | Paralysed by Grinder for 7 turns
  4526 | D:6      | Killed Grinder
  4526 | D:6      | Reached skill level 4 in Dodging
  5005 | D:6      | Reached skill level 5 in Axes
  5094 | D:6      | Reached skill level 7 in Fighting
  5229 | D:6      | Reached XP level 9. HP: 53/57 MP: 9/9
  5348 | D:6      | Noticed Pikel
  5388 | D:6      | Paralysed by Pikel for 5 turns
  5398 | D:6      | Paralysed by Pikel for 4 turns
  5411 | D:6      | Killed Pikel
  5411 | D:6      | Reached skill level 7 in Armour
  5508 | D:6      | Noticed Blork the orc
  5532 | D:6      | Found a deep blue altar of Sif Muna.
  5733 | D:6      | Reached skill level 5 in Dodging
  5775 | D:6      | HP: 5/58 [orc priest/divine providence (11)]
  6354 | D:6      | Reached skill level 6 in Axes
  6705 | D:7      | Found a flagged portal.
  6716 | Bailey   | Entered a bailey
  6717 | Bailey   | Noticed an orc knight
  6717 | Bailey   | Noticed an orc knight
  6729 | Bailey   | HP: 9/59 [orc knight/halberd (10)]
  6731 | Bailey   | Shot with a bolt by an orc warrior

Vault maps used:
D:1:      grunt_arrival_lava_bath
D:2:      kennysheep_big_empty_room, st_stairs_2
D:3:      lemuel_doored_altar, fedhas_altar_3
D:4:      lemuel_round_altar, minmay_overflow_temple_star_quad,
          hangedman_ru_absence, minmay_temple_entry_statues_fountains,
          uniq_menkaure, uniq_edmund
D:5:      serial_shops, kennysheep_little_box, first_bread,
          hangedman_decor_clover_reticule, nrook_mini_vaults, xom_redecorated
D:6:      tgw_sif, uniq_grinder, uniq_pikel
D:7:      serial_shops, shop, enter_bailey_3
Temple:   circular_temple_12
Bailey:   bailey_polearm_4, bailey

Action                   |  1- 3 |  4- 6 |  7- 9 || total
-------------------------+-------+-------+-------++-------
Melee: War axe           |   119 |   128 |   431 ||   678
Invok: Heroism           |       |       |     4 ||     4
  Use: Potion            |       |     1 |       ||     1
       Scroll            |       |       |     4 ||     4
  Eat: Chunk             |       |     2 |     9 ||    11
       Fruit             |       |     3 |     4 ||     7
       Bread ration      |       |     1 |     1 ||     2
       Royal jelly       |       |       |     1 ||     1

Vault maps used:
D:1:      grunt_arrival_lava_bath
D:2:      kennysheep_big_empty_room, st_stairs_2
D:3:      lemuel_doored_altar, fedhas_altar_3
D:4:      lemuel_round_altar, minmay_overflow_temple_star_quad,
          hangedman_ru_absence, minmay_temple_entry_statues_fountains,
          uniq_menkaure, uniq_edmund
D:5:      serial_shops, kennysheep_little_box, first_bread,
          hangedman_decor_clover_reticule, nrook_mini_vaults, xom_redecorated
D:6:      tgw_sif, uniq_grinder, uniq_pikel
D:7:      serial_shops, shop, enter_bailey_3
Temple:   circular_temple_12
Bailey:   bailey_polearm_4, bailey

Table legend:
 A = Turns spent in this place as a percentage of turns spent in the entire game.
 B = Non-inter-level travel turns spent in this place as a percentage of non-inter-level travel turns spent in the entire game.
 C = Inter-level travel turns spent in this place as a percentage of turns spent in this place.
 D = Turns resting spent in this place as a percentage of non-inter-level travel turns spent in this place.
 E = Turns spent auto-exploring this place as a percentage of non-inter-level travel turns spent in this place.
 F = Non-inter-level travel turns spent in this place divided by the number of levels of this place that you've seen.
                   A       B       C       D       E      F
               +-------+-------+-------+-------+-------+----------------------
         Total | 100.0 | 100.0 |   0.6 |   2.1 |   8.7 | 259.6
       Dungeon |  98.2 |  98.2 |   0.5 |   2.2 |   8.3 | 327.9
        Temple |   1.2 |   1.2 |   3.6 |   0.0 |  44.4 |  27.0
        Bailey |   0.6 |   0.6 |   0.0 |   0.0 |   0.0 |  14.0
               +-------+-------+-------+-------+-------+----------------------

Table legend:
 A = Kills in this place as a percentage of kills in entire the game.
 B = Kills by you in this place as a percentage of kills by you in the entire game.
 C = Kills by friends in this place as a percentage of kills by friends in the entire game.
 D = Other kills in this place as a percentage of other kills in the entire game.
 E = Experience gained in this place as a percentage of experience gained in the entire game.
 F = Experience gained in this place divided by the number of levels of this place that you have seen.
                   A       B       C       D       E      F
               +-------+-------+-------+-------+-------+----------------------
         Total | 100.0 | 100.0 |  -nan |  -nan | 100.0 | 440.8
       Dungeon | 100.0 | 100.0 |  -nan |  -nan | 100.0 | 566.7
               +-------+-------+-------+-------+-------+----------------------
